MohrenKopf, lawful female human Valkyrie ----- --------- |<..--- ------.......-- ------- |.....---|.........--..| . .. --..|....|.---------|..| -+---.--.- --.|-.....---- ---- ------ --- .. ..|-.| --|.........|--- ----- |..).| |..--- ..---|-..--- ----.|....|..----...-- |.%|.| ---+-.....-|--........--+- -----..|....|...).---- |..|.|-----......--................| ------ |..|.............- ---|.-..||.......-|..--------|--..-- |!%%!| --......---....... |.|..||...{....|--|....+....|..-- |....| |........|...|... |.|..|--.......| |)[!..()(.|...| ---|-- ----....-------.. ..-|.|------....--- -----------...| ------(---...-|...-- ..|- -.%.|@--..|...|.. ------ |.......-- |..|-.........|..--- ..| -....|ao......- ...-|%(((| |.------ |..-...............-+---.-----..--.....[o...--....--...-..((| |.| -----.....{....----...............|...`..(....|-...|...-|..((| |.| |..............-- --+--.---------........)--..|........|------ |.--|-- -+-----.........| |.|.(((| --......[-----|...|....|--------.....| --..------- |.-.((.| --...--- --..|...--......|...{..+ ---- --|.(((| --- -----.....----........| ------ ------- ---------- MohrenKopf the Fighter Experience level: 6 Strength: 18/08 Dexterity: 12 Constitution: 17 Intelligence: 7 Wisdom: 7 Charisma: 8 Health: 0(50) Energy: 15(15) Def: 9 Gold: 17 Moves: 2440 Dungeon seed: xdn2qRQao7ysWYVG Game ID: MohrenKopf_1509721216 Your Inventory: Coins $ - 17 gold pieces Weapons a - a +1 long sword (weapon in hand) b - a +0 dagger m - 9 +0 daggers A - 3 +4 daggers D - a +0 knife Armor e - an uncursed +3 small shield (being worn) n - an uncursed +0 orcish helm (being worn) q - a blessed +0 ring mail (being worn) r - an uncursed +0 dwarvish cloak (being worn) y - an uncursed +0 pair of jumping boots (being worn) Comestibles d - an uncursed fortune cookie E - 2 uncursed food rations Scrolls w - an uncursed scroll of enchant armor z - a cursed scroll of teleportation Potions h - an uncursed potion of gain ability i - a blessed potion of monster detection v - a cursed potion of levitation Rings p - an uncursed ring of sustain ability Tools f - an uncursed towel l - a can of grease (0:19) s - an uncursed bag of holding x - an expensive camera (0:65) B - an uncursed wax candle (0:400) C - 2 uncursed partly used tallow candles (lit) (0:173) F - an uncursed skeleton key Contents of the bag of holding: an uncursed spellbook of stone to flesh Spells and supernatural/magical abilities: Name Level Category Fail Memory W - pray for help -- divine ? -- Y - supernatural jump -- ability ? -- Your skills at the end: Fighting Skills Weapon Skills dagger [Basic] long sword [Basic] Spellcasting Skills Final Attributes: You were piously aligned. You were cold resistant. You were stealthy. You could jump. You were lucky. You are dead. Vanquished creatures: 3 small mimics a wolf a gnome king a blue jelly 2 Mordor orcs 3 Uruk-hai a yellow light 4 gnome lords 3 gnomish wizards a little dog 3 dwarves 2 kobold shamans a hobbit a hobgoblin 23 gnomes 3 geckos 3 jackals 2 goblins 3 sewer rats 7 grid bugs 2 bats 3 lichens 3 newts 76 creatures vanquished. Voluntary challenges: You had been an atheist until turn 2069. You used a wielded weapon 93 times, starting on turn 55. You read items or engraved 5 times, starting on turn 1052. You never genocided any monsters. You never polymorphed an object. You never changed form. You used no wishes. You never split a pudding. You never wrote Elbereth's name. You never violated your personal moral code. Dungeon overview: The Dungeons of Doom: levels 1 to 3 Level 1 some fountains a long staircase Level 2 a fountain Level 3 a fountain stairs to The Gnomish Mines The Gnomish Mines: levels 4 to 6 Level 4 stairs to The Dungeons of Doom Level 5 Level 6 <- You were here many shops, some fountains History has recorded: On T:1 you entered the Dungeons of Doom to retrieve the Amulet of Yendor! On T:433 you reached level 2 of The Dungeons of Doom. On T:635 you advanced to experience level 2. On T:773 you reached level 3 of The Dungeons of Doom. On T:1157 you reached level 1 of The Gnomish Mines. On T:1160 you advanced to experience level 3. On T:1268 you advanced to experience level 4. On T:1472 you reached level 2 of The Gnomish Mines. On T:1569 you advanced to experience level 5. On T:1805 you reached level 3 of The Gnomish Mines. On T:1997 you advanced to experience level 6. Score breakdown: Gold: 17 ( 4270 points) Experience: 6 levels (12456 points) Exploration: 6 levels ( 13.04%) (10000 points) Discoveries: 5 items ( 2.03%) ( 4276 points) Valuables value: (no points given unless you survive) Artifact value: 0 ( 0 points) Variety of kills: 23 monsters ( 6.04%) ( 7370 points) Turncount: 2440 turns ( -294 points) Survival: died (score multiplied by 80%) Total score: 30462 Latest messages: You hear someone cursing shoplifters. You kill the Uruk-hai! The Uruk-hai picks up an orcish helm. The Uruk-hai puts on an orcish helm. You hit the Uruk-hai! The Uruk-hai wields an orcish short sword! The Uruk-hai hits! You kill the Uruk-hai! There are a few objects here. You hit the Uruk-hai! The Mordor orc swings her scimitar. The Mordor orc hits! You hear the splashing of a naiad. You kill the Uruk-hai! The Uruk-hai picks up a dark potion. You hit the fire ant! The fire ant misses. The fire ant bites! You're on fire! The Mordor orc swings her scimitar. The Mordor orc hits! You die... Final status: Farvel MohrenKopf the Valkyrie, killed by a Mordor orc... You died in The Gnomish Mines on dungeon level 6 with 30462 points, and 17 pieces of gold, after 2440 moves. You were level 6 with a maximum of 50 hit points when you died.